 Dungeon Crawl Stone Soup version 0.19-a0-1065-gdac414d (webtiles) character file.

70525 4thArraOfDagon the Spear-Bearer (level 14, -19/172 HPs)
             Began as a Demigod Wanderer on Aug 3, 2016.
             Demolished by an ettin
             ... wielding a +0 dire flail
              (30 damage)
             ... on level 1 of the Orcish Mines.
             The game lasted 00:51:42 (7892 turns).

4thArraOfDagon the Spear-Bearer (Demigod Wanderer)  Turns: 7892, Time: 00:51:42

Health: -19/172    AC: 23    Str: 20    XL:     14   Next: 52%
Magic:  19/22      EV: 18    Int: 37    God:
Gold:   388        SH:  0    Dex: 13    Spells: 3 memorised, 11 levels left

rFire  + . .     SeeInvis .     n - +0 glaive
rCold  . . .     Gourm    .     z - +4 ring mail of Ufeejayh {*Drain rPois Int+9 Stlth-}
rNeg   + . .     Faith    .     (shield currently unavailable)
rPois  +         Spirit   .     i - +0 helmet
rElec  +         Dismiss  .     E - +2 cloak {MR+}
rCorr  .         Reflect  .     s - +2 pair of gloves
SustAt +         Harm     .     (no boots)
MR     ++...     Clarity  +     q - amulet of rage
Stlth  .......... NoTele   +    W - ring of positive energy
                                Y - ring "Yceptir" {-Tele rElec Int+2 Stlth-}

@: berserking (expiring), regenerating, very quick
A: repulsion field 1, iridescent scales 1, thin metallic scales 1, clarity, fire
resistance 1, high mp 1, sustain attributes, MP-powered wands
a: Evoke Berserk Rage


You were on level 1 of the Orcish Mines.
You were very full.

You visited 3 branches of the dungeon, and saw 18 of its levels.

You collected 868 gold pieces.
You spent 480 gold pieces at shops.

Inventory:

Hand Weapons
 e - a +0 club
 n - a +0 glaive (weapon)
 L - a +0 blowgun
 O - a -2 glaive
 T - the +7 long sword of the Valley of Death {holy, *Corrode +Rage rElec Str+5}
   (You bought it in a shop on level 13 of the Dungeon)

   It has been blessed by the Shining One to cause great damage to the undead
   and demons.
   It affects your strength (+5).
   It insulates you from electricity.
   It lets you go berserk.
   It may corrode you when you take damage.
Missiles
 m - 4 curare-tipped needles
Armour
 d - a +0 robe
 h - a +1 pair of gloves
 i - a +0 helmet (worn)
 o - the +5 chain mail of Dasku {rPois rCorr Dex+5 Stlth-}
   (You found it on level 14 of the Dungeon)

   It affects your dexterity (+5).
   It protects you from poison.
   It protects you from acid and corrosion.
   It makes you less stealthy.
 p - the +1 ring mail of Ydeagro {rN+ Str+2}
   (You found it on level 4 of the Dungeon)

   It affects your strength (+2).
   It protects you from negative energy.
 s - a +2 pair of gloves (worn)
 z - the +4 ring mail of Ufeejayh (worn) {*Drain rPois Int+9 Stlth-}
   (You found it on level 9 of the Dungeon)

   It affects your intelligence (+9).
   It protects you from poison.
   It causes draining when unequipped.
   It makes you less stealthy.
 B - the +3 chain mail of Jaleby {rC+ Str+3 Slay+3, unknown}
   (You bought it in a shop on level 15 of the Dungeon)

   It affects your strength (+3).
   It affects your accuracy and damage with ranged weapons and melee attacks
   (+3).
   It protects you from cold.
 C - a +0 cloak
 E - a +2 cloak of magic resistance (worn)
 Z - a +0 pearl dragon armour
Jewellery
 q - an amulet of rage (around neck)
 t - an uncursed ring of stealth
 A - an uncursed ring of protection from fire {unknown}
 S - an uncursed ring of poison resistance
 W - a ring of positive energy (right hand)
 Y - the ring "Yceptir" (left hand) {-Tele rElec Int+2 Stlth-}
   (You found it on level 12 of the Dungeon)

   [ring of loudness]

   It affects your intelligence (+2).
   It insulates you from electricity.
   It prevents most forms of teleportation.
   It makes you less stealthy.
Wands
 g - a wand of lightning (1/15)
 G - a wand of flame (27/48)
 N - a wand of polymorph (13/24)
 Q - a wand of acid (4/15)
 V - a wand of iceblast (0/15)
Scrolls
 c - 3 scrolls of teleportation
 j - 3 scrolls of fog
 l - a scroll of blinking
 r - 3 scrolls of enchant weapon {unknown}
 u - a scroll of remove curse
 y - 3 scrolls of noise {unknown}
 D - 3 scrolls of magic mapping
 F - 2 scrolls of vulnerability
Potions
 k - 5 potions of curing
 x - 3 potions of flight
 I - a potion of heal wounds
 J - 2 potions of cancellation
 M - a potion of might
 P - a potion of brilliance {unknown}
 R - a potion of resistance
 X - a potion of magic {unknown}
Books
 a - a book of Battle

   Spells                             Type                      Level
   a - Infusion                       Charms                       1
   b - Shroud of Golubria             Charms/Translocation         2
   c - Song of Slaying                Charms                       2
   d - Spectral Weapon                Hexes/Charms                 3
   e - Regeneration                   Charms/Necromancy            3
 b - the Compendium of Summoning

   Spells                             Type                      Level
   a - Summon Butterflies             Summoning                    1
   b - Recall                         Summoning/Translocation      3
 H - a book of Debilitation

   Spells                             Type                      Level
   a - Corona                         Hexes                        1
   b - Slow                           Hexes                        2
   c - Gell's Gravitas                Hexes/Translocation          3
   d - Inner Flame                    Hexes/Fire                   3
   e - Cause Fear                     Hexes                        4
   f - Leda's Liquefaction            Hexes/Earth                  4
Miscellaneous
 v - a fan of gales (inert)
 K - a disc of storms
Comestibles
 f - 11 bread rations
 w - 4 meat rations
 U - 4 fruits


   Skills:
 - Level 8.0 Fighting
   Level 1.7 Short Blades
 * Level 14.6 Polearms
 - Level 1.0 Throwing
 + Level 9.0 Armour
 + Level 9.0 Dodging
 - Level 1.0 Stealth
 - Level 3.3 Spellcasting
 - Level 2.7 Hexes
 - Level 4.7 Charms
 - Level 2.6 Necromancy
 - Level 3.1 Evocations


You had 11 spell levels left.
You knew the following spells:

 Your Spells              Type           Power        Failure   Level  Hunger
a - Spectral Weapon       Hex/Chrm       ####....     4%          3    ##.....
b - Regeneration          Chrm/Necr      ####......   4%          3    ##.....
c - Song of Slaying       Chrm           #####...     1%          2    None


Dungeon Overview and Level Annotations

Branches:
Dungeon (15/15)            Temple (1/1) D:5            Lair (0/6) D:8
    Orc (2/2) D:10         Vaults (0/5) D:14
    Elf: Orc:2       Depths: D:15

Shops:
D:13 (   D:15 [


Innate Abilities, Weirdness & Mutations

You have an increased reservoir of magic. (+10% MP)
Your attributes are resistant to harm.
You are surrounded by a mild repulsion field. (EV +2)
You are partially covered in iridescent scales. (AC +2)
You are partially covered in thin metallic scales. (AC +2)
You possess an exceptional clarity of mind.
Your flesh is heat resistant. (rF+)
You expend magic power (3 MP) to strengthen your wands.


Message History

Your spectral weapon barely misses the ettin.
You hit the ettin.
The ettin is heavily wounded.
Your spectral weapon completely misses the ettin.
The ettin hits you with a dire flail!
* * * LOW HITPOINT WARNING * * *
The ettin hits you with a dire flail!!
* * * LOW HITPOINT WARNING * * *
Unknown command.
Unknown command.
Attack whom?
Press: ? - help, Dir - move target cursor, f - ettin
Aim: an ettin, wielding two dire flails (heavily wounded)
You reach to attack!
You hit the ettin.
The ettin is severely wounded.
Unknown command.
You slash the ettin!
The ettin is severely wounded.
Your spectral weapon hits the ettin.
The ettin hits you with a dire flail!!
You die...

..###........##.#
..##........##..##
.##..>....###..O.###
..##[[[....##C...#.##
....#......O...#C...##
#.............##...#.##
#.....####....####O..$#
.......##.....##.C(#.##
..###.....##...#@.## ####
.###......###.[[..## #..## .#
###.[..###......###...### ##
##......###.....#.#.....##
###...#....###.#...........##
##.#..###..##
####.....##....#
#....####...## #....####....#
###...#......# #......#
..#.## ###.....#.##
##........##.#


You could see an ettin, an ogre and a friendly spectral glaive.

Vanquished Creatures
  2 hydras
  A catoblepas (D:14)
  4 centaur warriors
  A tengu warrior (D:14)
  An unseen horror (D:12)
  6 hill giants
  An orc knight (Orc:1)
  A necromancer (D:14)
  A wolf spider (D:13)
  A deep elf mage (D:14)
  7 ugly things
  3 orc sorcerers (Orc:1)
  3 cyclopes
  A torpor snail (D:15)
  2 kobold demonologists (D:14)
  A komodo dragon (D:15)
  A yaktaur (D:14)
  2 two-headed ogres
  A merfolk (D:15)
  6 trolls
  6 slime creatures
  A meliai zombie (D:15)
  3 shadows
  2 vampires
  2 hippogriffs
  A basilisk (D:13)
  5 vampire mosquitoes (D:14)
  4 mottled dragons
  5 wargs
  A water moccasin (D:9)
  3 sky beasts
  3 ice beasts
  A black bear (D:11)
  An eye of draining (D:11)
  15 orc warriors
  A phantom (D:5)
  A necrophage (D:9)
  8 ogres
  11 centaurs
  2 crocodiles
  5 big kobolds
  A giant frog (D:15)
  A wyvern skeleton (D:14)
  A killer bee (D:9)
  8 wights
  A howler monkey (D:5)
  3 centaur zombies
  4 crimson imps
  5 jellies
  A quasit (D:11)
  4 hounds
  8 orc priests
  3 centaur skeletons
  A giant frog skeleton (D:6)
  21 orc wizards
  5 iguanas
  10 worker ants
  A hound zombie (D:5)
  A worker ant zombie (D:9)
  3 adders
  3 shadow imps
  2 adder zombies
  An adder skeleton (D:9)
  2 worms
  2 giant geckos
  48 orcs
  2 hobgoblins (D:2)
  11 kobolds
  A quokka (D:5)
  A ball python (D:4)
  4 bats
  A giant gecko skeleton (D:5)
  3 giant newts
  2 rats (D:2)
292 creatures vanquished.

Vanquished Creatures (others)
  A fungus (Orc:2)
  8 spectral weapons
9 creatures vanquished.

Grand Total: 301 creatures vanquished

Notes
Turn   | Place    | Note
-------+----------+-------------------------------------------
     0 | D:1      | 4thArraOfDagon the Demigod Wanderer began the quest for the Orb.
     0 | D:1      | 4thArraOfDagon set off with: a book of Battle, the Compendium of Summoning, a scroll of teleportation, a +0 robe, a +0 club, a bread ration
     0 | D:1      | Reached XP level 1. HP: 16/16 MP: 4/4
   266 | D:4      | Noticed a hound
   283 | D:4      | Noticed a scorpion
   380 | D:4      | Got a bloodstained ring mail
   385 | D:5      | Entered Level 5 of the Dungeon
   385 | D:5      | Found a staircase to the Ecumenical Temple.
   398 | D:5      | Identified the cursed +1 ring mail of Ydeagro {rN+ Str+2} (You found it on level 4 of the Dungeon)
   418 | D:5      | Noticed an ogre
   419 | D:5      | Identified the Compendium of Summoning
   427 | D:5      | Killed an ogre
   427 | D:5      | Reached XP level 2. HP: 8/24 MP: 4/6
   427 | D:5      | Reached XP level 3. HP: 9/29 MP: 4/7
   427 | D:5      | Reached XP level 4. HP: 12/36 MP: 5/9
   528 | D:5      | edgy
   614 | D:5      | Noticed an ogre
   649 | D:5      | Reached skill level 1 in Polearms
   661 | Temple   | Entered the Ecumenical Temple
   684 | Temple   | Learned a level 3 spell: Spectral Weapon
   779 | D:4      | Reached skill level 2 in Polearms
   779 | D:4      | Reached XP level 5. HP: 41/41 MP: 10/10
  1111 | D:5      | Reached skill level 3 in Polearms
  1175 | D:5      | Noticed an ice beast
  1361 | D:4      | Reached skill level 4 in Polearms
  1361 | D:4      | Reached XP level 6. HP: 48/48 MP: 11/11
  1392 | D:4      | Learned a level 3 spell: Regeneration
  1552 | D:6      | Reached skill level 5 in Polearms
  1572 | D:5      | Reached XP level 7. HP: 48/55 MP: 13/13
  1700 | D:5      | Reached skill level 6 in Polearms
  1709 | D:5      | Gained mutation: You are dopey. (Int -2) [mutagenic meat]
  2271 | D:8      | Found a staircase to the Lair.
  2299 | D:8      | Reached XP level 8. HP: 61/61 MP: 16/16
  2390 | D:7      | Reached skill level 1 in Necromancy
  2436 | D:9      | Reached skill level 1 in Hexes
  2503 | D:9      | Reached skill level 7 in Polearms
  2733 | D:9      | Got a warped ring mail
  2734 | D:9      | Identified the +4 ring mail of Ufeejayh {*Drain rPois Int+9 Stlth-} (You found it on level 9 of the Dungeon)
  2768 | D:10     | Entered Level 10 of the Dungeon
  2768 | D:10     | Found a hazy altar of Hepliaklqana.
  2797 | D:10     | Lost mutation: You are dopey. (Int -2) [mutagenic meat]
  2800 | D:10     | Gained mutation: You are resistant to hostile enchantments. (MR+) [mutagenic meat]
  2803 | D:10     | Gained mutation: You are surrounded by a mild repulsion field. (EV +2) [mutagenic meat]
  2806 | D:10     | Gained mutation: Your flesh is heat resistant. (rF+) [mutagenic meat]
  2809 | D:10     | Lost mutation: You are resistant to hostile enchantments. (MR+) [mutagenic meat]
  3127 | D:11     | Learned a level 2 spell: Song of Slaying
  3161 | D:11     | Gained mutation: You are partially covered in iridescent scales. (AC +2) [mutagenic meat]
  3164 | D:11     | Gained mutation: You are partially covered in thin metallic scales. (AC +2) [mutagenic meat]
  3167 | D:11     | Gained mutation: You expend magic power (3 MP) to strengthen your wands. [mutagenic meat]
  3170 | D:11     | Gained mutation: You possess an exceptional clarity of mind. [mutagenic meat]
  3225 | D:11     | Reached skill level 1 in Armour
  3225 | D:11     | Reached skill level 1 in Dodging
  3274 | D:10     | Noticed a hill giant
  3298 | D:10     | Killed a hill giant
  3298 | D:10     | Reached skill level 8 in Polearms
  3298 | D:10     | Reached XP level 9. HP: 58/69 MP: 12/17
  3328 | D:11     | Found a glowing golden altar of the Shining One.
  3540 | D:14     | Noticed a hill giant
  3609 | D:13     | Noticed a centaur warrior
  3624 | D:13     | Killed a centaur warrior
  3705 | D:13     | Reached skill level 9 in Polearms
  3735 | D:13     | Found Xeafamall's Antique Weapon Shop.
  3743 | D:13     | Bought a brightly glowing long sword for 195 gold pieces
  3743 | D:13     | Identified the +7 long sword of the Valley of Death {holy, *Corrode +Rage rElec Str+5} (You bought it in a shop on level 13 of the Dungeon)
  3750 | D:13     | Noticed a cyan ugly thing
  3771 | D:13     | Killed a cyan ugly thing
  3771 | D:13     | Reached XP level 10. HP: 69/79 MP: 16/18
  3870 | D:14     | Killed a hill giant
  4024 | D:14     | Noticed a soul eater
  4044 | D:14     | Reached skill level 5 in Fighting
  4044 | D:14     | Reached skill level 10 in Polearms
  4252 | D:15     | Entered Level 15 of the Dungeon
  4253 | D:15     | Noticed a centaur warrior
  4254 | D:15     | Noticed a tengu warrior
  4378 | D:14     | Got a steaming chain mail
  4414 | D:14     | Identified the +5 chain mail of Dasku {rPois rCorr Dex+5 Stlth-} (You found it on level 14 of the Dungeon)
  4421 | D:14     | Noticed a catoblepas
  4454 | D:14     | Reached skill level 5 in Dodging
  4476 | D:14     | Reached skill level 5 in Armour
  4497 | D:14     | Noticed a hill giant
  4499 | D:14     | Noticed a deep elf mage
  4657 | D:15     | Noticed a cyclops
  4669 | D:15     | Killed a cyclops
  4838 | D:15     | Reached XP level 11. HP: 89/89 MP: 10/19
  4889 | D:15     | Noticed a hill giant
  4911 | D:15     | Killed a hill giant
  4954 | D:15     | Noticed a four-headed hydra
  4966 | D:15     | Killed a four-headed hydra
  4978 | D:15     | Noticed a centaur warrior
  4998 | D:15     | Killed a centaur warrior
  4998 | D:15     | Reached skill level 11 in Polearms
  5123 | D:14     | Noticed a hill giant
  5156 | D:14     | Killed a hill giant
  5276 | D:14     | Killed a catoblepas
  5330 | D:14     | Noticed a necromancer
  5341 | D:14     | Killed a necromancer
  5377 | D:15     | Found Goextiarr's Antique Armour Shoppe.
  5405 | D:14     | Killed a deep elf mage
  5428 | D:14     | Killed a hill giant
  5469 | D:14     | Killed a tengu warrior
  5479 | D:14     | Reached skill level 12 in Polearms
  5479 | D:14     | Reached XP level 12. HP: 78/100 MP: 11/20
  5492 | D:15     | Noticed a dire elephant
  5521 | D:14     | Found a gate to the Vaults.
  5754 | D:15     | Noticed Nessos
  5759 | D:15     | Killed a centaur warrior
  5760 | D:15     | Noticed Nessos
  5760 | D:15     | Nessos changed into Nessos the torpor snail
  5768 | D:15     | Killed Nessos the torpor snail
  5822 | D:15     | Bought a faintly humming chain mail for 285 gold pieces
  6022 | D:13     | Noticed a centaur warrior
  6032 | D:13     | Killed a centaur warrior
  6102 | D:13     | Reached XP level 13. HP: 88/107 MP: 21/21
  6103 | D:13     | Reached skill level 14 in Polearms
  6103 | D:13     | Reached XP level 14. HP: 94/114 MP: 22/22
  6479 | D:12     | Got a bound platinum ring
  6484 | D:12     | Identified the ring "Yceptir" {-Tele rElec Int+2 Stlth-} (You found it on level 12 of the Dungeon)
  6946 | D:10     | Found a burning altar of Makhleb.
  7007 | D:10     | Found a staircase to the Orcish Mines.
  7043 | Orc:1    | Entered Level 1 of the Orcish Mines
  7105 | Orc:1    | Found a roughly hewn altar of Beogh.
  7235 | Orc:2    | Entered Level 2 of the Orcish Mines
  7892 | Orc:1    | Demolished by an ettin

Vault maps used:
D:1:      saegor_arrival_simple_a
D:2:      first_bread
D:3:      gup_sewer_entry_spiral, uniq_crazy_yiuf_cottage, uniq_grinder
D:5:      roderic_batcave, feat_on_display
D:6:      cheibriados_altar_1
D:8:      lair_0_dummy
D:9:      marbit_many_paths
D:10:     minmay_orc_entry_guard_dogs, hangedman_feature_mirror
D:11:     blue_anna_alchemist, nicolae_tso_swordbearing_angel
D:13:     serial_shops, shop
D:14:     david_vaults_1, kennysheep_minor_cross
D:15:     hangedman_depths_entry_try_elsewhere_first, serial_shops, shop,
          minmay_strange_pillars, stair_cage_line, nrook_mini_vaults,
          solitary_fountain, uniq_nessos
Temple:   nicolae_temple_the_god_donut
Orc:1:    basic_altar
Orc:2:    grunt_orc_gardens, grunt_orc_garden, grunt_orc_garden,
          grunt_orc_garden, grunt_orc_garden, mines4_lemuel, uniq_saint_roka

Skill      XL: |  1  2  3  4  5  6  7  8  9 10 11 12 13 14 |
---------------+-------------------------------------------+-----
Fighting       | 2 3 4 5 7 8 |  8.0
Evocations     | 3 |  3.1
Polearms       | 2 4 5 6 8 9 10 12 14 | 14.6
Spellcasting   | 2 3 |  3.3
Necromancy     | 2 |  2.6
Hexes          | 2 |  2.7
Charms         | 4 |  4.7
Armour         | 2 3 5 6 8 9 |  9.0
Dodging        | 1 3 5 6 8 9 |  9.0
Short Blades   | |  1.7
Throwing       | |  1.0
Stealth        | |  1.0

Action                   |  1- 3 |  4- 6 |  7- 9 | 10-12 | 13-15 || total
-------------------------+-------+-------+-------+-------+-------++-------
Melee: Club              |    37 |       |       |       |       ||    37
       Trident           |     6 |   123 |   327 |   521 |   240 ||  1217
       Glaive            |       |       |       |       |   135 ||   135
       Unarmed           |       |       |       |       |     6 ||     6
 Cast: Spectral Weapon   |       |       |    15 |    39 |    33 ||    87
       Regeneration      |       |       |     7 |    32 |    25 ||    64
 Abil: Evoke Berserk Rag |     1 |    11 |    11 |     3 |     1 ||    27
Evoke: Wand              |       |       |       |     7 |     6 ||    13
       Fan of gales      |       |       |       |       |     1 ||     1
  Use: Scroll            |     3 |       |    15 |     5 |     3 ||    26
       Potion            |     1 |       |     4 |     3 |     1 ||     9
 Stab: Sleeping          |     1 |       |       |       |       ||     1
       Distracted        |       |       |     1 |     4 |     3 ||     8
  Eat: Chunk             |       |     9 |    21 |    14 |     1 ||    45
       Beef jerky        |       |     1 |     1 |       |     2 ||     4
       Fruit             |       |       |     3 |       |    14 ||    17
       Pizza             |       |       |     3 |     1 |     1 ||     5
       Royal jelly       |       |       |       |     1 |       ||     1
Armor: Robe              |    15 |       |       |       |       ||    15
       Ring mail         |       |    61 |   144 |   257 |   117 ||   579
       Skin              |       |       |    39 |       |       ||    39
Dodge: Dodged            |    41 |    96 |   136 |   333 |   245 ||   851
